 Dungeon Crawl Stone Soup version 0.25-a0-366-g516bc45ae0 (webtiles) character file.

Game seed: 12348608691447941781, levelgen mode: deterministic

195977 Flugkiller the Spry (level 18, -2/134 HPs)
             Began as an Octopode Wanderer on Jan 5, 2020.
             Was the Champion of Okawaru.
             Slain by a tentacle (23 damage)
             ... attached to a kraken
             ... on level 3 of the Shoals on Jan 6, 2020.
             The game lasted 01:31:58 (44544 turns).

Flugkiller the Spry (Octopode Wanderer)            Turns: 44544, Time: 01:31:59

Health: -2/134     AC:  8    Str: 17    XL:     18   Next: 35%
Magic:  30/30      EV: 29    Int: 14    God:    Okawaru [******]
Gold:   2175       SH: 19    Dex: 19    Spells: 16/33 levels left

rFire    . . .     SeeInvis +   A - +6 morningstar of Jusic {vamp, rC+++ Str+4 Int-4 SInv}
rCold    + + +     Gourm    .   Q - +5 shield {reflect}
rNeg     + . .     Faith    .   L - +2 hat {MR+}
rPois    +         Spirit   .   U - amulet of the acrobat
rElec    .         Reflect  +   q - +3 ring of evasion
rCorr    +         Harm     .   i - +5 ring of protection
MR       ++...                  c - ring of resist corrosion
Stlth    ++++++....             W - ring of poison resistance
HPRegen  0.32/turn              S - +5 ring of dexterity
MPRegen  0.22/turn              V - ring of flight
                                O - ring of positive energy
                                m - ring of wizardry

@: no status effects
A: almost no armour, stealthy swim, amphibious, 8 rings, constrict 8, tentacle
spike 1, camouflage 1, cold resistance 1, wild magic 1, gelatinous body 1
}: 1/15 runes: gossamer
a: Heroism, Finesse, Renounce Religion, Evoke Flight


You were on level 3 of the Shoals.
You worshipped Okawaru.
Okawaru was exalted by your worship.
You were not hungry.

You visited 5 branches of the dungeon, and saw 30 of its levels.
You also visited: Ice Cave.

You collected 3134 gold pieces.
You spent 959 gold pieces at shops.

Inventory:

Hand Weapons
 a - the +4 demon whip "Doatuti Mile" {venom, MR+ Dex+4}
   (Okawaru gifted it to you on level 4 of the Lair of Beasts)

   It poisons the flesh of those it strikes.
   It affects your dexterity (+4).
   It affects your resistance to hostile enchantments.
 A - the +6 morningstar of Jusic (weapon) {vamp, rC+++ Str+4 Int-4 SInv}
   (You acquired it on level 2 of the Lair of Beasts)

   It inflicts no extra harm, but heals its wielder when it wounds a living foe.
   It affects your strength (+4).
   It affects your intelligence (-4).
   It renders you almost immune to cold.
   It lets you see invisible.
Missiles
 D - 23 curare-tipped darts (quivered)
 K - 3 throwing nets
Armour
 b - a +1 shield of protection
   (Okawaru gifted it to you on level 4 of the Lair of Beasts)
 h - the +5 large shield "Agerevets" {Regen+ SInv}
   (Okawaru gifted it to you on level 3 of the Shoals)

   It lets you see invisible.
   It increases your rate of regeneration.
 L - a +2 hat of magic resistance (worn)
   (Okawaru gifted it to you on level 11 of the Dungeon)
 Q - a +5 shield of reflection (worn)
   (Okawaru gifted it to you on level 2 of the Lair of Beasts)
Jewellery
 c - a ring of resist corrosion (on tentacle)
   (You found it on level 8 of the Dungeon)
 i - a +5 ring of protection (right tentacle)
   (You found it on level 1 of the Dungeon)
 m - a ring of wizardry (on tentacle)
   (You found it on level 10 of the Dungeon)
 q - a +3 ring of evasion (left tentacle)
   (You took it off Robin on level 2 of the Dungeon)
 s - an uncursed ring of see invisible
   (You found it on level 12 of the Dungeon)
 O - a ring of positive energy (on tentacle)
   (You found it on level 6 of the Lair of Beasts)
 S - a +5 ring of dexterity (on tentacle)
   (You found it in an ice cave)
 U - an amulet of the acrobat (around mantle)
   (You found it on level 12 of the Dungeon)
 V - a ring of flight (on tentacle)
   (You found it in an ice cave)
 W - a ring of poison resistance (on tentacle)
   (You found it in an ice cave)
Wands
 G - a wand of iceblast (28)
   (You found it on level 7 of the Dungeon)
 H - a wand of acid (10)
   (You found it on level 6 of the Dungeon)
 R - a wand of paralysis (11)
   (You bought it in a shop on level 2 of the Orcish Mines)
 X - a wand of enslavement (5)
   (You found it on level 6 of the Lair of Beasts)
 Y - a wand of disintegration (22)
   (You found it on level 3 of the Lair of Beasts)
Scrolls
 d - 9 scrolls of teleportation
 g - 4 scrolls of blinking
 k - 9 scrolls of amnesia
 l - a scroll of holy word {unknown}
 p - 10 scrolls of remove curse
 r - 5 scrolls of magic mapping
 w - 5 scrolls of enchant weapon
 y - a scroll of fog
 B - a scroll of fear
 F - 2 scrolls of vulnerability
 N - 2 scrolls of immolation
 T - a scroll of enchant armour
Potions
 e - 5 potions of agility
 j - 5 potions of heal wounds
 o - 3 potions of invisibility
 t - 8 potions of flight
 u - 9 potions of might
 v - 3 potions of curing
 x - 6 potions of mutation
 z - 4 potions of magic
 C - 3 potions of ambrosia
 E - 4 potions of brilliance
 I - a potion of cancellation
 J - 3 potions of resistance
 M - 5 potions of lignification
 P - 3 potions of haste
Miscellaneous
 Z - a lightning rod (4/4)
   (You found it on level 10 of the Dungeon)
Comestibles
 f - 33 rations
 n - 2 chunks of flesh


   Skills:
 - Level 15.0 Fighting
 - Level 12.0 Maces & Flails
   Level 3.0 Bows
 - Level 15.0 Dodging
 + Level 8.5 Stealth
 - Level 15.0 Shields
 - Level 8.0 Spellcasting
 - Level 1.3 Conjurations
 - Level 2.1 Hexes
 - Level 4.0 Charms
 - Level 4.0 Summonings
 + Level 1.7 Transmutations
 - Level 1.2 Fire Magic
 - Level 2.0 Ice Magic
 - Level 4.0 Air Magic
 + Level 1.7 Earth Magic
 - Level 8.0 Invocations
 - Level 5.0 Evocations


You had 16 spell levels left.
You knew the following spells:

 Your Spells              Type           Power        Failure   Level  Hunger
a - Confusing Touch       Hex            ##....       3%          1    None
b - Conjure Flame         Conj/Fire      ##......     12%         3    ##.....
c - Ozocubu's Armour      Chrm/Ice       ###.....     6%          3    ##.....
d - Statue Form           Tmut/Erth      ##.......    98%         6    #######
e - Summon Lightning Spi  Summ/Air       ###.....     13%         4    ####...

Your spell library contained the following spells:

 Spells                   Type           Power        Failure   Level  Hunger
 Infusion                 Chrm           ###.         1%          1    None
 Summon Small Mammal      Summ           ###.         1%          1    None
 Call Imp                 Summ           ###.....     2%          2    None
 Song of Slaying          Chrm           ###.....     2%          2    None
 Corona                   Hex            ##.....      3%          1    None
 Freeze                   Ice            ##..         3%          1    None
 Beastly Appendage        Tmut           ##....       4%          1    None
 Magic Dart               Conj           ##..         4%          1    None
 Call Canine Familiar     Summ           ###.....     4%          3    ##.....
 Sting                    Tmut/Pois      ##..         5%          1    None
 Slow                     Hex            ##......     5%          2    None
 Sticks to Snakes         Tmut           ##......     6%          2    None
 Summon Guardian Golem    Hex/Summ       ###.....     6%          3    ##.....
 Confuse                  Hex            ##......     9%          3    ##.....
 Blink                    Tloc           N/A          11%         2    None
 Inner Flame              Hex/Fire       ##......     11%         3    ##.....
 Mephitic Cloud           Conj/Pois/Air  ##......     11%         3    ##.....
 Ignite Poison            Fire/Tmut/Pois ##......     14%         3    ##.....
 Portal Projectile        Hex/Tloc       ##....       14%         3    ##.....
 Gell's Gravitas          Tloc           #.........   21%         3    ##.....
 Summon Ice Beast         Ice/Summ       ###.....     21%         4    ####...
 Cause Fear               Hex            ##........   26%         4    ####...
 Leda's Liquefaction      Hex/Erth       ##........   28%         4    ####...
 Hailstorm                Conj/Ice       ##......     32%         4    ####...
 Petrify                  Tmut/Erth      ##......     32%         4    ####...
 Silence                  Hex/Air        ###.......   43%         5    #####..
 Olgreb's Toxic Radiance  Pois           #.......     50%         4    ####...
 Metabolic Englaciation   Hex/Ice        ##........   56%         5    #####..
 Yara's Violent Unravell  Hex/Tmut       ##........   58%         5    #####..
 Alistair's Intoxication  Tmut/Pois      ##......     71%         5    #####..
 Deflect Missiles         Chrm/Air       ###.......   83%         6    #######
 Conjure Ball Lightning   Conj/Air       ###.......   95%         6    #######
 Eringya's Noxious Bog    Tmut/Pois      ##........   99%         6    #######
 Ring of Flames           Chrm/Fire      ###.......   100%        7    #######
 Tornado                  Air            ###.......   100%        9    #######


Dungeon Overview and Level Annotations

Branches:
Dungeon (15/15)            Temple (0/1) D:6            Lair (6/6) D:8
 Shoals (3/4) Lair:4       Spider (4/4) Lair:4          Orc (2/2) D:11
    Elf (0/3) Orc:2        Vaults (0/5) D:14         Depths (0/5) D:15
  IceCv (visited)
  Slime: Lair:5-6

Altars:
Dithmenos
Fedhas
Hepliaklqana
Okawaru
Qazlal
Sif Muna
Uskayaw
Vehumet
Xom
Yredelemnul
Zin

Shops:
D:5 ?   D:8 [   D:12 %   D:14 [}   Orc:2 [[**

Portals:
Trove: D:13 (give 2 scrolls of acquirement)

Annotations:
D:2 1 runed translucent door, Crazy Yiuf
D:8 1 runed translucent door
Lair:2 exclusions: hydra, komodo dragon and 2 spiny frogs
Lair:5 exclusion: 3 oklob plants
Spider:4 Bai Suzhen
Orc:2 3 runed translucent doors, Borgoz's ghost, adept GrAs


Innate Abilities, Weirdness & Mutations

You cannot wear most types of armour.
You are very stealthy in the water. (Stealth+)
You are amphibious.
You can wear up to eight rings at the same time.
You can use your tentacles to constrict eight enemies at once.
Your skin changes colour to match your surroundings (Stealth+).
Your rubbery body absorbs attacks. (AC +1, EV +1)
One of your tentacles bears a spike.
Your flesh is cold resistant. (rC+)
Your spells are a little harder to cast, but a little more powerful.


Message History

The tentacle is lightly wounded.
The tentacle completely misses you. You block the tentacle's attack.
A tentacle segment bursts forth from the water. x2
A tentacle rises from the water!
The tentacle completely misses you. The tentacle barely misses you.
A tentacle comes into view.
You hit the tentacle. Your squeeze misses the tentacle.
The tentacle is lightly wounded.
You block the tentacle's attack. The tentacle barely misses you.
The tentacle completely misses you. You block the tentacle's attack.
The tentacle completely misses you.
You closely miss the tentacle.
You squeeze the tentacle, but do no damage.
The tentacle is lightly wounded.
The tentacle misses you. x2; You block the tentacle's attack.
A tentacle segment bursts forth from the water.
Tentacles burst out of the water! 4 tentacles come into view.
You hit the kraken.
You feel better.
You pierce the kraken, but do no damage.
The kraken is severely wounded.
The kraken bites you!!
* * * LOW HITPOINT WARNING * * *
You block the tentacle's attack. x3
You puncture the kraken!
You feel better.
You pierce the kraken, but do no damage.
The kraken is severely wounded.
The kraken misses you. The tentacle slaps you!!
* * * LOW HITPOINT WARNING * * *
You block the tentacle's attack. The tentacle closely misses you.
The tentacle misses you.
The kraken squirts a massive cloud of ink into the water!
You block the tentacle's attack. x2; The tentacle barely misses you.
The tentacle completely misses you.
You hit the kraken.
You feel better.
The kraken is severely wounded.
A tentacle segment bursts forth from the water. x2
You block the tentacle's attack. x2; The tentacle completely misses you.
You block the tentacle's attack. The kraken completely misses you.
Unknown command.
You hit the kraken.
You squeeze the kraken, but do no damage.
The kraken is severely wounded.
You block the tentacle's attack. The tentacle slaps you!
* * * LOW HITPOINT WARNING * * *
You block the tentacle's attack. The tentacle slaps you!!
* * * LOW HITPOINT WARNING * * *
The kraken squirts a massive cloud of ink into the water!
The tentacle slaps you!!
You die...

≈≈≈≈≈≈≈≈≈≈≈≈≈≈≈≈P≈≈≈P≈PP≈≈
≈≈≈≈≈≈≈≈≈≈≈≈≈PP≈≈≈P≈≈≈≈P≈≈
≈≈≈≈≈≈≈≈≈≈≈≈≈≈P≈≈≈PPP...≈≈
≈≈≈≈≈≈≈≈≈≈≈≈≈≈≈≈≈P≈≈≈.##≈≈
≈≈≈≈≈≈≈≈≈≈≈§.≈.)≈≈≈≈≈.#.≈P
≈≈≈≈≈≈≈≈≈≈§§.>.≈≈≈≈P≈≈≈≈≈≈
≈≈≈w≈≈≈§§§§≈...≈≈≈≈≈≈≈≈≈≈≈
≈≈≈≈≈≈≈§Xww§..........≈≈≈≈
≈(≈≈≈≈≈§w@§§...........≈≈.
≈≈≈≈≈≈≈§w§§...###.[...≈≈≈≈
≈≈≈≈≈≈≈§≈≈≈≈≈.###.###.≈≈≈≈
≈≈≈≈≈≈≈≈≈≈≈≈≈.....###.≈≈≈≈
≈≈≈≈≈≈≈≈≈≈≈≈≈≈≈≈......≈≈..
≈≈≈≈≈≈≈≈≈≈≈≈.≈≈≈.###..≈^.
≈≈≈≈≈≈≈≈≈..≈..≈[..##.....
≈≈≈≈≈≈≈≈≈≈...≈≈.........
≈≈≈≈≈≈≈≈≈≈..≈≈≈.........


You could see a kraken and 4 tentacles.

Vanquished Creatures
  Nikola (Spider:2)
  Arachne (Spider:2)
  Rupert (D:12)
  Jorgrun (D:11)
  A kraken (Shoals:1)
  Gastronok (Lair:3)
  Kirke (D:12)
  Roxanne (Spider:4)
  4 ghost moths (Spider:4)
  Aizul (Spider:2)
  7 emperor scorpions
  Louise (Shoals:3)
  An entropy weaver (Spider:2)
  Azrael (D:12)
  A spark wasp (Spider:4)
  A minotaur (Shoals:1)
  4 merfolk impalers
  A yaktaur captain (D:15)
  3 merfolk javelineers
  A vault guard (D:13)
  2 catoblepae (Lair:6)
  3 centaur warriors
  5 hydras
  2 merfolk avatars
  9 two-headed ogres
  7 death yaks
  3 ogre magi
  3 satyrs
  A merfolk aquamancer (Shoals:1)
  A tengu warrior (D:14)
  Urug (D:13)
  3 orc high priests (Orc:2)
  A skeletal warrior (D:14)
  5 sea snakes
  A wizard (D:14)
  3 unseen horrors
  5 orc knights
  6 harpies
  3 deep elf magi
  9 orb spiders
  9 ugly things
  Pikel (D:9)
  14 fauns
  3 cyclopes
  2 moths of wrath
  31 wolf spiders
  5 manticores
  7 orc sorcerers
  2 black mambas
  7 merfolk sirens
  14 elephants
  2 ice statues (IceCv)
  3 water nymphs
  2 gargoyles
  2 torpor snails (Spider:2)
  10 spiny frogs
  8 rime drakes
  12 komodo dragons
  2 ice devils (Lair:3)
  2 freezing wraiths
  7 demonic crawlers
  A tengu conjurer (D:14)
  4 wind drakes
  19 merfolk
  3 meliai (Shoals:1)
  3 polar bears (Lair:6)
  A queen bee (D:13)
  29 jumping spiders
  4 trolls
  11 hornets
  5 slime creatures (D:9)
  8 snapping turtles
  7 hippogriffs
  3 dream sheep (Shoals:2)
  46 redbacks
  3 shadows (D:12)
  6 wyverns
  A basilisk (Lair:5)
  A wraith (D:15)
  3 fire elementals (D:12)
  30 tarantellas
  4 water elementals
  28 yaks
  3 hogs (D:12)
  7 hungry ghosts
  3 vampire mosquitoes
  5 wargs (Orc:2)
  A soldier ant (D:12)
  A two-headed ogre zombie (D:11)
  5 hell hounds (D:12)
  7 water moccasins
  An acid dragon (D:14)
  A hornet zombie (D:7)
  11 porcupines
  15 orc warriors
  12 ice beasts
  5 black bears
  4 phantoms
  3 slaves (D:9)
  3 sky beasts
  17 ogres
  6 necrophages (Lair:5)
  An eye of draining (D:13)
  A boggart (D:14)
  6 wolves
  6 centaurs
  9 crocodiles
  4 big kobolds
  22 bullfrogs
  6 scorpions
  2 troll zombies (D:11)
  25 killer bees
  8 wights
  4 electric eels
  6 crimson imps
  A bullfrog zombie (D:10)
  2 jellies
  2 centaur zombies
  15 orc priests
  7 centaur skeletons
  2 iguanas
  3 hounds
  22 orc wizards
  16 worker ants
  3 ogre zombies (D:11)
  A hound zombie (D:10)
  3 hound skeletons
  A worker ant zombie (D:8)
  Robin (D:2)
  A gnoll (D:10)
  14 adders
  2 shadow imps
  2 oozes
  An adder skeleton (D:9)
  3 worms (D:2)
  4 dart slugs
  7 leopard geckos
  56 orcs
  4 giant cockroaches
  16 goblins
  8 hobgoblins
  16 jackals
  6 quokkas
  A ball python (D:2)
  A ball python zombie (D:5)
  14 bats
  4 frilled lizards
  A goblin skeleton (D:11)
  3 goblin zombies (D:11)
  2 hobgoblin skeletons (D:11)
  4 hobgoblin zombies (D:11)
  11 kobolds
  A leopard gecko skeleton (D:6)
  3 orc skeletons (D:11)
  9 orc zombies (D:11)
  3 quokka skeletons
  8 rats
  A plant (Lair:2)
  8 tentacles
975 creatures vanquished.

Vanquished Creatures (collateral kills)
  2 vampire mosquitoes (D:11)
  A goblin zombie (D:11)
  A hobgoblin zombie (D:11)
  An orc zombie (D:11)
5 creatures vanquished.

Vanquished Creatures (others)
  A cyclops (Shoals:2)
  A demonic crawler (Spider:2)
  A human (D:12)
  A crocodile (Lair:3)
  2 orcs (Orc:2)
  43 fungi
  21 plants
  35 tentacles
105 creatures vanquished.

Grand Total: 1085 creatures vanquished

Notes
Turn   | Place    | Note
-------+----------+-------------------------------------------
     0 | D:1      | Flugkiller the Octopode Wanderer began the quest for the
                  | Orb.
     0 | D:1      | Flugkiller set off with the following items: a +2 mace, a
                  | +0 shortbow, 26 arrows, a scroll of teleportation, a ration
     0 | D:1      | Reached XP level 1. HP: 17/17 MP: 1/1
    82 | D:1      | Reached XP level 2. HP: 22/22 MP: 2/2
   490 | D:1      | Reached XP level 3. HP: 27/27 MP: 3/3
   546 | D:2      | Reached skill level 1 in Dodging
   678 | D:2      | Noticed Robin
   937 | D:2      | Reached XP level 4. HP: 33/33 MP: 4/4
  1277 | D:2      | Killed Robin
  1490 | D:2      | Found a runed translucent door.
  1491 | D:2      | Noticed Crazy Yiuf
  1606 | D:2      | Reached XP level 5. HP: 25/37 MP: 5/5
  2147 | D:3      | Found an iron altar of Okawaru.
  2638 | D:3      | Became a worshipper of Warmaster Okawaru
  2839 | D:4      | Reached skill level 5 in Dodging
  2839 | D:4      | Reached XP level 6. HP: 36/43 MP: 6/6
  2870 | D:4      | You fall into a shaft and drop 2 floors!
  2994 | D:6      | Noticed a sky beast
  3107 | D:6      | Reached skill level 1 in Invocations
  3639 | D:6      | Reached * piety under Okawaru
  3639 | D:6      | Reached XP level 7. HP: 49/49 MP: 8/8
  3649 | D:5      | Entered Level 5 of the Dungeon
  4078 | D:5      | Found a glowing silver altar of Zin.
  4190 | D:5      | Found Pegiax's Magic Scroll Shop.
  4202 | D:5      | Bought a scroll of blinking for 112 gold pieces
  4202 | D:5      | Bought a scroll of fog for 30 gold pieces
  5268 | D:5      | Reached skill level 5 in Fighting
  5327 | D:6      | Reached XP level 8. HP: 46/55 MP: 10/10
  5816 | D:6      | Reached ** piety under Okawaru
  6022 | D:6      | Found a hazy altar of Hepliaklqana.
  6314 | D:6      | Found a staircase to the Ecumenical Temple.
  6830 | D:7      | Noticed a hippogriff
  6839 | D:7      | Killed a hippogriff
  6839 | D:7      | Reached skill level 5 in Maces & Flails
  7059 | D:7      | Reached XP level 9. HP: 44/62 MP: 11/11
  7061 | D:7      | Reached skill level 1 in Evocations
  7250 | D:7      | Gained mutation: Your flesh is cold resistant. (rC+)
                  | [potion of mutation]
  7250 | D:7      | Gained mutation: Your spells are a little harder to cast,
                  | but a little more powerful. [potion of mutation]
  7250 | D:7      | Gained mutation: One of your tentacles bears a spike.
                  | [potion of mutation]
  7472 | D:7      | Reached *** piety under Okawaru
  8005 | D:7      | Learned a level 1 spell: Confusing Touch
  8025 | D:7      | Found a shadowy altar of Dithmenos.
  8575 | D:8      | Found Syvompoon's Armour Shop.
  8580 | D:8      | Bought a +0 buckler for 63 gold pieces
  8712 | D:8      | Reached skill level 1 in Hexes
  8871 | D:8      | Reached skill level 1 in Spellcasting
  9221 | D:8      | Reached skill level 5 in Evocations
  9253 | D:8      | Reached XP level 10. HP: 62/68 MP: 13/13
  9508 | D:8      | Reached **** piety under Okawaru
  9523 | D:8      | Found a staircase to the Lair.
  9523 | D:8      | Noticed a two-headed ogre
  9733 | D:8      | Killed a two-headed ogre
  9733 | D:8      | Reached skill level 5 in Stealth
  9847 | D:8      | Found a runed translucent door.
  9847 | D:8      | Noticed a deep elf mage
  9847 | D:8      | Noticed a cyclops
  9847 | D:8      | Noticed a fire giant
  9849 | D:8      | Noticed a manticore
  9849 | D:8      | Noticed a wolf spider
  9849 | D:8      | Noticed a centaur warrior
  9849 | D:8      | Noticed a stone giant
  9849 | D:8      | Noticed a deep elf archer
 10291 | D:9      | Learned a level 3 spell: Conjure Flame
 10582 | D:9      | Received a gift from Okawaru
 10792 | D:9      | Noticed Pikel
 10885 | D:9      | Killed Pikel
 10885 | D:9      | Reached ***** piety under Okawaru
 10885 | D:9      | Reached skill level 1 in Conjurations
 10885 | D:9      | Reached skill level 1 in Fire Magic
 10885 | D:9      | Reached skill level 5 in Invocations
 12002 | D:9      | Found a shimmering blue altar of Sif Muna.
 12005 | D:9      | Found a blossoming altar of Fedhas.
 12005 | D:9      | Found a basalt altar of Yredelemnul.
 12171 | D:9      | Reached XP level 11. HP: 55/75 MP: 12/15
 12457 | D:9      | Found a stormy altar of Qazlal.
 12759 | D:9      | Found a radiant altar of Vehumet.
 12825 | Lair:1   | Entered Level 1 of the Lair of Beasts
 13877 | Lair:1   | Identified the Tome of Boosts
 15738 | Lair:2   | Reached skill level 5 in Spellcasting
 16055 | Lair:2   | Noticed a five-headed hydra
 16423 | Lair:2   | Noticed a death yak
 16423 | Lair:2   | Noticed a death yak
 16426 | Lair:2   | Noticed a death yak
 16739 | Lair:2   | Identified 2 scrolls of acquirement
 16740 | Lair:2   | Got an encrusted longbow
 16746 | Lair:2   | Identified the +4 longbow of Defence {flame, rF- Dex+6}
                  | (You acquired it on level 2 of the Lair of Beasts)
 16748 | Lair:2   | Got a fine morningstar
 16749 | Lair:2   | Identified the +6 morningstar of Jusic {vamp, rC+++ Str+4
                  | Int-4 SInv} (You acquired it on level 2 of the Lair of
                  | Beasts)
 16828 | Lair:2   | Received a gift from Okawaru
 17069 | Lair:2   | Killed a death yak
 17235 | Lair:2   | Killed a death yak
 17321 | Lair:3   | Found a frozen archway.
 17327 | Lair:3   | Reached XP level 12. HP: 83/83 MP: 20/20
 17339 | IceCv    | Entered an ice cave
 17363 | IceCv    | Reached ****** piety under Okawaru
 17400 | IceCv    | Reached skill level 5 in Shields
 17710 | IceCv    | Noticed an ice dragon
 17710 | IceCv    | Noticed an ice dragon
 18713 | Lair:3   | Noticed Gastronok
 18739 | Lair:3   | Noticed a seven-headed hydra
 18936 | Lair:3   | Noticed a five-headed hydra
 18947 | Lair:3   | Killed a five-headed hydra
 18947 | Lair:3   | Received a gift from Okawaru
 19933 | Lair:4   | Reached skill level 10 in Dodging
 20331 | Lair:4   | Found a hole to the Spider Nest.
 20515 | Lair:4   | Noticed a death yak
 20515 | Lair:4   | Noticed a death yak
 20515 | Lair:4   | Noticed a death yak
 20551 | Lair:4   | Killed a death yak
 20551 | Lair:4   | Received a gift from Okawaru
 20722 | Lair:4   | Noticed a death yak
 20745 | Lair:4   | Killed a death yak
 20745 | Lair:4   | Noticed a death yak
 20760 | Lair:4   | Killed a death yak
 20764 | Lair:4   | Killed a death yak
 20777 | Lair:4   | Killed a death yak
 20777 | Lair:4   | Reached XP level 13. HP: 91/91 MP: 22/22
 21186 | Lair:5   | Reached skill level 10 in Fighting
 21963 | Lair:6   | Entered Level 6 of the Lair of Beasts
 22101 | Lair:6   | Paralysed by a hornet for 2 turns
 22104 | Lair:6   | Received a gift from Okawaru
 22395 | Lair:6   | Received a gift from Okawaru
 22634 | Lair:6   | Received a gift from Okawaru
 22904 | Lair:6   | Reached XP level 14. HP: 63/101 MP: 23/23
 23069 | Lair:6   | Reached skill level 10 in Maces & Flails
 23294 | Lair:4   | Found a staircase to the Shoals.
 23451 | Lair:3   | Killed Gastronok
 23629 | D:10     | Entered Level 10 of the Dungeon
 23825 | D:10     | Found a stormy altar of Qazlal.
 24308 | D:10     | You fall into a shaft and drop 1 floor!
 24465 | D:11     | Found a staircase to the Orcish Mines.
 25078 | D:11     | Received a gift from Okawaru
 25407 | Orc:1    | Entered Level 1 of the Orcish Mines
 25622 | Orc:2    | Entered Level 2 of the Orcish Mines
 25661 | Orc:1    | Noticed a stone giant
 26321 | Orc:2    | Found a runed translucent gate.
 26321 | Orc:2    | Found a runed translucent gate.
 26321 | Orc:2    | Found a runed translucent gate.
 26325 | Orc:2    | Noticed Borgoz's ghost (adept GrAs)
 26325 | Orc:2    | Noticed an orc warlord
 26523 | Orc:2    | Found a staircase to the Elven Halls.
 26841 | Orc:2    | Reached skill level 10 in Shields
 27732 | Orc:2    | Found Kicwaar's Armour Emporium.
 27732 | Orc:2    | Found Gibuh's Armour Emporium.
 27733 | Orc:2    | Found Ikot's Assorted Antiques.
 27738 | Orc:2    | Found Igeqe's Assorted Antiques.
 27771 | Orc:2    | Bought a blackened glass wand for 116 gold pieces
 27779 | Orc:2    | Bought a scroll labeled TEULON YNUGGI for 28 gold pieces
 27779 | Orc:2    | Bought a yellow potion for 25 gold pieces
 27779 | Orc:2    | Bought a silvery potion for 25 gold pieces
 27779 | Orc:2    | Bought a papyrus book for 420 gold pieces
 27779 | Orc:2    | Bought a potion of heal wounds for 140 gold pieces
 28072 | D:12     | Noticed Rupert
 28075 | D:12     | Noticed Jorgrun
 28107 | D:11     | Killed Jorgrun
 28107 | D:11     | Reached XP level 15. HP: 108/108 MP: 16/24
 28120 | D:12     | Killed Rupert
 28187 | D:12     | Noticed Kirke
 28238 | D:12     | Killed Kirke
 28238 | D:12     | Received a gift from Okawaru
 28590 | D:12     | You fall into a shaft and drop 3 floors!
 28590 | D:15     | Entered Level 15 of the Dungeon
 28922 | D:13     | Noticed Urug
 28922 | D:13     | Noticed Sonja
 28941 | D:13     | Killed Urug
 28951 | D:13     | Noticed Sonja
 28951 | D:13     | Sonja changed into Sonja the queen bee
 28956 | D:13     | Killed Sonja the queen bee
 29244 | D:13     | Found a portal to a secret trove of treasure.
 29520 | D:12     | Found Lelliufi's Food Shoppe.
 29534 | D:12     | Noticed Azrael
 29590 | D:12     | Killed Azrael
 30000 | D:12     | Noticed Nessos
 30008 | D:12     | Noticed Nessos
 30008 | D:12     | Nessos changed into Nessos the cyclops
 30025 | D:12     | Killed Nessos the cyclops
 30316 | D:14     | Found Tovu Mau's Gadget Shop.
 30388 | D:14     | Found a shimmering altar of Xom.
 30438 | D:14     | Found Xunoqik's Antique Armour Boutique.
 30797 | D:14     | Received a gift from Okawaru
 31056 | D:13     | Received a gift from Okawaru
 31251 | D:14     | Found a gate to the Vaults.
 31929 | D:15     | Reached XP level 16. HP: 117/117 MP: 25/25
 32030 | D:15     | Found a staircase to the Depths.
 32390 | Spider:1 | Entered Level 1 of the Spider Nest
 32432 | Lair:4   | Received a gift from Okawaru
 32435 | Lair:4   | Got a twisted demon whip {god gift}
 32449 | Lair:4   | Identified the +4 demon whip "Doatuti Mile" {venom, MR+
                  | Dex+4} (Okawaru gifted it to you on level 4 of the Lair of
                  | Beasts)
 33554 | Spider:2 | Noticed Aizul
 33695 | Spider:2 | Noticed Nikola
 33738 | Spider:2 | Killed Nikola
 33738 | Spider:2 | Received a gift from Okawaru
 34080 | Spider:2 | Identified the Disquisition on Venom
 34499 | Spider:2 | Noticed Arachne
 34525 | Spider:2 | Killed Arachne
 34624 | Spider:2 | Killed Aizul
 34824 | Spider:2 | Got an ichor-stained arbalest
 34825 | Spider:2 | Identified the +4 arbalest of the Globe {speed, rElec MR-
                  | SInv} (You found it on level 2 of the Spider Nest)
 34978 | Spider:2 | Upgraded the game from 0.25-a0-365-g7600c65aa0 to
                  | 0.25-a0-366-g516bc45ae0
 35070 | Spider:2 | Learned a level 3 spell: Ozocubu's Armour
 35075 | Spider:2 | Learned a level 4 spell: Summon Lightning Spire
 35449 | Spider:3 | Reached skill level 1 in Summonings
 35449 | Spider:3 | Reached skill level 1 in Air Magic
 35519 | Spider:3 | Received a gift from Okawaru
 35519 | Spider:3 | Reached skill level 1 in Charms
 35519 | Spider:3 | Reached skill level 1 in Ice Magic
 35757 | Spider:3 | Reached XP level 17. HP: 104/126 MP: 26/26
 36038 | Spider:4 | Entered Level 4 of the Spider Nest
 36358 | Spider:4 | Identified Roxanne's Catalogue of Transformation
 36358 | Spider:4 | Noticed Roxanne
 36806 | Spider:4 | Noticed Bai Suzhen
 37306 | Spider:4 | Killed Roxanne
 38814 | Spider:4 | Received a gift from Okawaru
 39107 | Spider:4 | Got a gossamer rune of Zot
 39258 | Shoals:1 | Entered Level 1 of the Shoals
 39319 | Shoals:1 | Noticed a kraken
 39589 | Shoals:1 | Reached skill level 15 in Dodging
 40164 | Shoals:1 | Found a hide-covered altar of Uskayaw.
 40470 | Shoals:1 | Killed a kraken
 40525 | Shoals:1 | Got a smoking longbow
 40531 | Shoals:1 | Identified the +7 longbow "Ryna" {freeze, +Blink rElec
                  | MP-9} (You found it on level 1 of the Shoals)
 41078 | Shoals:2 | Reached skill level 15 in Fighting
 41369 | Shoals:2 | Reached XP level 18. HP: 134/134 MP: 30/30
 43490 | Shoals:3 | Received a gift from Okawaru
 43686 | Shoals:3 | Noticed Louise
 43730 | Shoals:3 | Killed Louise
 43730 | Shoals:3 | Reached skill level 15 in Shields
 43738 | Shoals:3 | Learned a level 6 spell: Statue Form
 43774 | Shoals:3 | Received a gift from Okawaru
 43774 | Shoals:3 | Reached skill level 1 in Transmutations
 43774 | Shoals:3 | Reached skill level 1 in Earth Magic
 43797 | Shoals:3 | Got a translucent large shield {god gift}
 43810 | Shoals:3 | Identified the +5 large shield "Agerevets" {Regen+ SInv}
                  | (Okawaru gifted it to you on level 3 of the Shoals)
 44544 | Shoals:3 | Slain by a tentacle

Levels and vault maps discovered:
D:1:      minmay_arrival_five_plusses, layout_rooms
D:2:      layout_basic, uniq_crazy_yiuf_cottage, uniq_robin
D:3:      layout_basic, lemuel_crystal_altar, first_ration
D:4:      layout_loops_cross, chequers_serial_rivers_room_b, dk_rats_in_the_wall
D:5:      layout_loops_corners, zin_academy, serial_shops, shop
D:6:      minmay_diamond_boxcup, layout_layer_cave, overflow_temple_1_default,
          lemuel_temple_firewalk_b, serial_bayou_pond_e
D:7:      layout_basic, lemuel_round_altar, grunt_ministairs_3
D:8:      minmay_gate_of_8, layout_loops_ring, due_lair_maze_entry_diamond,
          serial_shops, shop, grunt_ogre_cave, minmay_between
D:9:      layout_basic, minmay_overflow_temple_star_hex, uniq_pikel
D:10:     hangedman_cross_stitches, layout_loops_ring, basic_altar,
          minmay_tree_intersection, grunt_decor_one_mirror
D:11:     layout_stronghold, zombieorc2_lemuel
D:12:     layout_roguey, serial_shops, shop, chequers_serial_rivers_small_3,
          uniq_rupert, uniq_kirke, uniq_azrael, uniq_nessos, uniq_jorgrun
D:13:     layout_basic, enter_trove_5, minmay_strange_pillars, uniq_urug,
          uniq_sonja
D:14:     layout_gridville, hangedman_vaults_entry_quadrant_bands, basic_altar,
          serial_shops, nicolae_shop_statue_plus, shop, minmay_misc_feat_plants,
          grunt_ministairs_1, minivault_26, minivault_25, minivault_12
D:15:     grunt_enter_depths_snipers, layout_irregular_city, minmay_crystal_room
Lair:1:   layout_regular_city, serial_bayou_pond_a, roderic_batcave
Lair:2:   layout_long_grid, minmay_stone_trees_medium,
          chequers_serial_rivers_small_a, beast_lair_carwin_6
Lair:3:   layout_layer_cave, portal_ice_cave_demonic_guard,
          gauntlet_entry_generic, beast_lair_carwin_1, uniq_gastronok
Lair:4:   layout_concentric_octagons, minmay_shoals_entry_hut,
          spider_nest_entry_rubble
Lair:5:   layout_regular_city, minmay_slime_entry_oklob_open,
          serial_bayou_pond_e, roderic_carrion_pond, grunt_megastairs_5,
          infiniplex_staircase_pool_2
Lair:6:   gammafunk_lair_ancient_temple, layout_hall_layers,
          eino_small_chamber_without_monster
Shoals:1: layout_shoals, regret_index_shoals_crete
Shoals:2: layout_shoals, nicolae_shoals_isolated_beach
Shoals:3: layout_shoals, nicolae_shoals_stone_sculpture_thing, uniq_louise
Spider:1: layout_spider_delve, drop_trap
Spider:2: layout_spider_delve, uniq_nikola, uniq_arachne, uniq_aizul
Spider:3: layout_spider_delve
Spider:4: spider_rune_water, uniq_roxanne, uniq_bai_suzhen
Orc:1:    layout_caves
Orc:2:    st_orc_elflike, layout_caves, gammafunk_ghost_split,
          guppyfry_orc_lava_fort

Skill      XL: |  1  2  3  4  5  6  7  8  9 10 11 12 13 14 15 16 17 18 |
---------------+-------------------------------------------------------+-----
Stealth        | 3 4 7 8 |  8.5
Dodging        | 2 3 5 7 8 9 10 11 12 14 15 | 15.0
Invocations    | 1 3 5 8 |  8.0
Maces & Flails | 2 3 5 6 8 9 11 12 | 12.0
Fighting       | 5 6 7 8 9 11 12 13 14 15 | 15.0
Evocations     | 5 |  5.0
Hexes          | 2 |  2.1
Spellcasting   | 1 2 5 6 8 |  8.0
Shields        | 2 4 6 8 10 12 13 15 | 15.0
Conjurations   | 1 |  1.3
Fire Magic     | 1 |  1.2
Summonings     | 1 4 |  4.0
Air Magic      | 1 4 |  4.0
Charms         | 1 4 |  4.0
Ice Magic      | 1 2 |  2.0
Transmutations | 1 |  1.7
Earth Magic    | 1 |  1.7
Bows           | |  3.0

Action                   |  1- 3 |  4- 6 |  7- 9 | 10-12 | 13-15 | 16-18 || total
-------------------------+-------+-------+-------+-------+-------+-------++-------
Melee: Mace              |    55 |   160 |   309 |   456 |       |       ||   980
       Constrict         |    13 |    32 |    56 |    75 |   135 |   236 ||   547
       Tentacles         |     6 |    26 |    71 |   161 |   348 |   531 ||  1143
       Unarmed           |       |     7 |       |     1 |       |       ||     8
       Kick              |       |       |    41 |   250 |   519 |   785 ||  1595
       Morningstar       |       |       |       |   259 |  1170 |   104 ||  1533
       Punch             |       |       |       |     3 |     2 |    16 ||    21
       Demon whip        |       |       |       |       |       |  1377 ||  1377
 Fire: Shortbow          |    14 |    23 |    28 |       |       |       ||    65
Throw: Dart              |       |       |     9 |    36 |    32 |    18 ||    95
 Cast: Confusing Touch   |       |       |     5 |    34 |       |       ||    39
       Conjure Flame     |       |       |       |    23 |     1 |       ||    24
       Ozocubu's Armour  |       |       |       |       |       |     7 ||     7
Invok: Heroism           |       |       |     1 |     6 |     7 |    12 ||    26
       Finesse           |       |       |       |     1 |     2 |     5 ||     8
Evoke: Wand              |       |       |     2 |     6 |     7 |    15 ||    30
       Sack of spiders   |       |       |       |       |     1 |       ||     1
       Lightning rod     |       |       |       |       |       |     1 ||     1
  Use: Scroll            |     3 |     1 |     8 |    11 |    15 |    11 ||    49
       Potion            |       |     2 |     1 |     4 |     1 |    11 ||    19
 Stab: Sleeping          |     3 |     5 |     9 |    20 |    31 |    25 ||    93
       Distracted        |       |     1 |     1 |     3 |    12 |     5 ||    22
       Confused          |       |       |     2 |    17 |       |       ||    19
       Paralysed         |       |       |       |       |     8 |     3 ||    11
       Invisible         |       |       |       |       |       |     7 ||     7
       Held in net/web   |       |       |       |       |       |     1 ||     1
  Eat: Chunk             |       |     9 |    15 |    22 |    31 |    23 ||   100
       Ration            |       |       |     2 |     6 |     2 |     5 ||    15
Armor: Skin              |    11 |    25 |    56 |    68 |    65 |    75 ||   300
Dodge: Dodged            |    37 |   140 |   255 |   583 |   605 |  1031 ||  2651
Block: Buckler           |       |       |     5 |   158 |       |       ||   163
       Shield            |       |       |       |    24 |   817 |  1130 ||  1971
       Reflection        |       |       |       |       |    29 |    39 ||    68

Table legend:
 A = Non-vault XP
 B = Vault XP
 C = Vault XP percentage of total XP
 D = Non-vault monster count
 E = Vault monster count
 F = Vault count percentage of total count
                 A         B        C        D         E       F
            +---------+---------+-------+---------+---------+-------
      Total |  163915 |  106028 |  39.3 |     675 |     298 |  30.6
            +---------+---------+-------+---------+---------+-------
        D:1 |      39 |       0 |   0.0 |      20 |       0 |   0.0
        D:2 |     101 |      37 |  26.8 |      28 |      13 |  31.7
        D:3 |     104 |       0 |   0.0 |      26 |       0 |   0.0
        D:4 |     237 |       0 |   0.0 |      13 |       0 |   0.0
        D:5 |     355 |       0 |   0.0 |      12 |       0 |   0.0
        D:6 |     839 |     325 |  27.9 |      27 |       5 |  15.6
        D:7 |    1721 |      66 |   3.7 |      31 |       1 |   3.1
        D:8 |    1827 |    1365 |  42.8 |      18 |      15 |  45.5
        D:9 |    2521 |     571 |  18.5 |      45 |       1 |   2.2
       D:10 |    4657 |    1708 |  26.8 |      39 |      10 |  20.4
       D:11 |    2762 |    4366 |  61.3 |      15 |      35 |  70.0
       D:12 |    4053 |    9323 |  69.7 |      22 |      15 |  40.5
       D:13 |    1913 |    2969 |  60.8 |       8 |       4 |  33.3
       D:14 |   10486 |    5625 |  34.9 |      23 |      22 |  48.9
       D:15 |   10813 |    1075 |   9.0 |      21 |       1 |   4.5
     Lair:1 |    3522 |       8 |   0.2 |      18 |       6 |  25.0
     Lair:2 |    4074 |     274 |   6.3 |      16 |       2 |  11.1
     Lair:3 |    2785 |    4617 |  62.4 |      12 |       9 |  42.9
     Lair:4 |    9533 |     800 |   7.7 |      20 |       2 |   9.1
     Lair:5 |    5882 |    3631 |  38.2 |      18 |      17 |  48.6
     Lair:6 |    7201 |    9396 |  56.6 |      13 |      26 |  66.7
   Shoals:1 |    8706 |    7938 |  47.7 |      14 |      14 |  50.0
   Shoals:2 |   10460 |    1384 |  11.7 |      21 |       2 |   8.7
   Shoals:3 |   19998 |    1629 |   7.5 |      43 |       1 |   2.3
   Spider:1 |   16254 |       0 |   0.0 |      50 |       0 |   0.0
   Spider:2 |   13961 |    9340 |  40.1 |      36 |       3 |   7.7
   Spider:3 |    7162 |    1198 |  14.3 |      16 |       4 |  20.0
   Spider:4 |   10636 |   24509 |  69.7 |      31 |      35 |  53.0
      Orc:1 |       0 |     649 | 100.0 |       0 |       1 | 100.0
      Orc:2 |    1313 |   10162 |  88.6 |      19 |      39 |  67.2
      IceCv |       0 |    3063 | 100.0 |       0 |      15 | 100.0
            +---------+---------+-------+---------+---------+-------
